 Dungeon Crawl Stone Soup version 0.30-a0-304-gdc4b735fe1 (webtiles) character file.

Game seed: 12770854416354942104

217 NinjaNoafa the Cutter (level 5, -15/41 HPs)
             Began as a Merfolk Monk on Oct 20, 2022.
             Demolished by Sigmund
             ... wielding a +1 scythe of distortion
              (19 damage)
             ... on level 4 of the Dungeon.
             The game lasted 00:07:25 (2648 turns).

NinjaNoafa the Cutter (Merfolk Monk)                Turns: 2648, Time: 00:07:25

Health: -15/41     AC:  5    Str: 11    XL:     5   Next: 94%
Magic:  5/5        EV: 14    Int: 10    God:
Gold:   145        SH:  0    Dex: 18    Spells: 4/4 levels left

rFire   + . .      SeeInvis .    e - +2 dagger (venom)
rCold   . . .      Faith    .    (no shield)
rNeg    . . .      Spirit   .    b - +0 robe
rPois   .          Reflect  .    (no helmet)
rElec   .          Harm     .    k - +0 cloak
rCorr   .          Rampage  .    d - +0 pair of gloves
Will    .....                    f - +0 pair of boots
Stlth   +++.......               (no amulet)
HPRegen 0.26/turn                x - ring of protection from fire
MPRegen 0.09/turn                (no ring)

@: no status effects
A: (nimble swimmer 2), mertail
a: no special abilities


You were on level 4 of the Dungeon.
You visited 1 branch of the dungeon, and saw 4 of its levels.

You collected 145 gold pieces.

Inventory:

Hand Weapons
 e - a +2 dagger of venom (weapon)
Missiles
 g - 37 stones
 s - 3 boomerangs (quivered)
Armour
 b - a +0 robe (worn)
 d - a +0 pair of gloves (worn)
 f - a +0 pair of boots (worn)
 k - a +0 cloak (worn)
Jewellery
 x - a ring of protection from fire (left hand)
Wands
 t - a wand of flame (10)
Scrolls
 i - 3 scrolls of summoning {unknown}
 j - 3 scrolls of identify {unknown}
 l - 2 scrolls of butterflies {unknown}
 m - a scroll of torment {unknown}
 q - 2 scrolls of immolation {unknown}
 r - 2 scrolls of teleportation {unknown}
 w - a scroll of magic mapping {unknown}
Potions
 a - a potion of heal wounds {unknown}
 h - a potion of degeneration {unknown}
 n - a potion of attraction {unknown}
 o - 2 potions of haste {unknown}
 p - a potion of curing {unknown}
 u - a potion of cancellation
 v - a potion of lignification {unknown}


   Skills:
 - Level 3.2 Fighting
 + Level 5.6 Short Blades
 - Level 5.0 Dodging
 - Level 5.0 Stealth


You had 4 spell levels left.
You didn't know any spells.
Your spell library contained the following spells:

 Spells                   Type           Power      Damage    Failure   Level
 Call Canine Familiar     Summ           0%         N/A       75%         3
 Portal Projectile        Hex/Tloc       0%         N/A       75%         3
 Animate Armour           Summ/Erth      0%         N/A       98%         4
 Leda's Liquefaction      Hex/Erth       0%         N/A       98%         4
 Blade Hands              Tmut           0%         N/A       100%        5
 Iron Shot                Conj/Erth      0%         9d1       100%        6


Dungeon Overview and Level Annotations

Branches:
Dungeon (4/15)
 Temple: D:4-7

Altars:

Annotations:
D:4 Sigmund


Innate Abilities, Weirdness & Mutations

((You are very nimble when in or above water. (Stealth+, EV+, Speed+++)))
Your lower body shifts to a powerful aquatic tail in water.


Message History

Unknown command.
You miss the adder.
The adder is heavily wounded.
The adder bites you.
You are poisoned.
The adder poisons you!
You completely miss the adder.
The adder is heavily wounded.
You feel sick. The adder bites you but does no damage.
You hit the adder.
The adder looks as sick as possible!
The adder is severely wounded.
You feel sick.
You kill the adder!
You hear a zap.
A puff of flame appears from out of thin air!
The puff of flame hits you. You resist.
You feel sick.
A gnoll comes into view. It is wielding a +0 whip.
You feel sick. Something hits you. Space warps horribly around you!
You barely miss something.
You feel sick.
You are confused.
You feel invigorated.
You feel sick.
You are no longer poisoned.
You hear a zap.
A puff of flame appears from out of thin air!
The puff of flame misses you.
You miss something. Something completely misses you.
You hit something but do no damage. Your punch misses something.
You bump into the rock wall.
Something hits you but does no damage.
You blink.
A magic dart appears from out of thin air!
The magic dart hits you.
You feel less invigorated.
You feel less confused. Something hits you! Space warps horribly around you!!
* * * LOW HITPOINT WARNING * * *
You hit something. You punch something.
It was a potion of cancellation.
You feel magically purged.
The gnoll shouts!
Something hits you but does no damage. Space warps horribly around you!!
You die...

........##..#..####
..#................#
#...#...##........).
.............>...†..
...###..#####...... .
###.### #...... #..
##.....#........
#.g.#####..............#
#...{@.).............#
######...............#
#............
#............
#..>.........
##...........
##.....#... #########


You could see a gnoll.

Vanquished Creatures
  An iguana (D:4)
  10 adders
  5 worms
  2 dart slugs (D:1)
  5 orcs (D:3)
  5 ball pythons
  7 endoplasms
  4 giant cockroaches
  8 goblins
  4 hobgoblins
  3 jackals (D:1)
  4 kobolds
  3 quokkas
  8 bats
  4 frilled lizards
  11 rats
84 creatures vanquished.

Notes
Turn   | Place    | Note
-------+----------+-------------------------------------------
     0 | D:1      | NinjaNoafa the Merfolk Monk began the quest for the Orb.
     0 | D:1      | Reached XP level 1. HP: 18/18 MP: 1/1
   234 | D:1      | Reached XP level 2. HP: 23/24 MP: 2/2
   519 | D:1      | Reached XP level 3. HP: 28/29 MP: 3/3
   612 | D:1      | You fall into a shaft and drop 1 floor!
   620 | D:2      | Identified the +7 quarterstaff "Peikhles" {elec, rElec
                  | rCorr Int-5 SInv}
  1061 | D:2      | Reached skill level 5 in Dodging
  1061 | D:2      | Reached XP level 4. HP: 30/35 MP: 4/4
  1405 | D:3      | Identified the +8 sling of Ykaim {flame, rCorr Str-4 SInv
                  | Stlth+}
  1900 | D:3      | Reached XP level 5. HP: 41/41 MP: 5/5
  2212 | D:3      | Reached skill level 5 in Stealth
  2456 | D:4      | Reached skill level 5 in Short Blades
  2629 | D:4      | Noticed Sigmund
  2648 | D:4      | Demolished by Sigmund

Illustrated notes

Levels and vault maps discovered:
D:1:      saegor_arrival_simple_b, layout_loops_cross
D:2:      layout_basic, minmay_misc_feat_roman
D:3:      minmay_thinvault, layout_loops_ring
D:4:      layout_rooms, uniq_sigmund

Skill      XL: |  1  2  3  4  5 |
---------------+----------------+-----
Stealth        | 3 4 5 |  5.0
Short Blades   | 4 5 |  5.6
Dodging        | 5 |  5.0
Fighting       | |  3.2

Action                   |  1- 3 |  4- 6 || total
-------------------------+-------+-------++-------
Melee: Short sword       |    24 |       ||    24
       Dagger            |    37 |   118 ||   155
       Punch             |     1 |     4 ||     5
       Quarterstaff      |    19 |     7 ||    26
Throw: Boomerang         |       |    21 ||    21
  Use: Potion            |       |     2 ||     2
 Stab: Sleeping          |     2 |    16 ||    18
       Distracted        |       |     1 ||     1
Armor: Robe              |    14 |    22 ||    36
Dodge: Dodged            |    43 |    66 ||   109

Table legend: (Time is in decaauts)
 A = Elapsed time spent in this place.
 B = Non-inter-level travel time spent in this place.
 C = Inter-level travel time spent in this place.
 D = Time resting spent in this place.
 E = Time spent auto-exploring this place.
 F = Levels seen in this place.
 G = Mean time per level.
                   A        B        C        D        E       F      G
               +--------+--------+--------+--------+--------+-----+--------+
         Total |   2619 |   2521 |     98 |      0 |   1850 |   4 |  654.8 |
       Dungeon |   2619 |   2521 |     98 |      0 |   1850 |   4 |  654.8 |
               +--------+--------+--------+--------+--------+-----+--------+

Top non-repeatable levels by time:
     D:3: 1012 daAuts
     D:2: 798 daAuts
     D:1: 600 daAuts
     D:4: 208 daAuts
